BSA
PLYMOUTH ROCKS @ ORLANDO CALRISSIAN
03/07/2028
 
TOP OF THE 1ST
Plymouth Rocks batting - Pitching for Orlando Calrissian : LHP Arturo Sánchez
Pitching: LHP Arturo Sánchez
Batting: LHB Roberto García 0-0: Ball
1-0: Ball
2-0: Swinging Strike
2-1: Called Strike
2-2: Foul Ball, location: 2F
2-2: Ground out 6-3 (Groundball, 56)
Batting: LHB Roy Patrick 0-0: Ball
1-0: Ball
2-0: Swinging Strike
2-1: Called Strike
2-2: Ball
3-2: Ground out 6-3 (Groundball, 56)
Batting: RHB Andrés Lara 0-0: Ball
1-0: Called Strike
1-1: Ball
2-1: Called Strike
2-2: Ball
3-2: Foul Ball, location: 2F
3-2: Fly out, F9 (Flyball, 9)
Top of the 1st over - 0 run(s), 0 hit(s), 0 error(s), 0 left on base; Plymouth 0 - Orlando 0
BOTTOM OF THE 1ST
Orlando Calrissian batting - Pitching for Plymouth Rocks : RHP José López
Pitching: RHP José López
Batting: RHB José Pérez 0-0: Called Strike
0-1: Ground out 1-3 (Groundball, 13S)
Batting: LHB Santiago Márquez 0-0: Ball
1-0: Foul Ball, location: 2F
1-1: Called Strike
1-2: DOUBLE (Line Drive, 89D)
Batting: RHB Rich Anderson 0-0: Fly out, F7 (Flyball, 7)
Batting: SHB Tim Abbott 0-0: Ball
1-0: Called Strike
1-1: Ball
2-1: Foul Ball, location: 2F
2-2: Ball
3-2: Strikes out looking
Bottom of the 1st over - 0 run(s), 1 hit(s), 0 error(s), 1 left on base; Plymouth 0 - Orlando 0
TOP OF THE 2ND
Plymouth Rocks batting - Pitching for Orlando Calrissian : LHP Arturo Sánchez
Batting: LHB Barrett Waters 0-0: Ball
1-0: Ball
2-0: SINGLE (Groundball, 34D)
Batting: LHB Roger Moore 0-0: Ball
1-0: Ball
2-0: Foul Ball, location: 2F
2-1: Ball
3-1: Called Strike
3-2: Foul Ball, location: 2F
3-2: Strikes out looking
Batting: RHB Taylor McFarland 0-0: Ball
Throwing error on steal attempt, E2
Barrett Waters to third
1-0: Foul Ball, location: 2F
1-1: Ball
2-1: DOUBLE (Line Drive, 9LM)
Barrett Waters scores
Batting: SHB Víctor Serrano 0-0: Ball
1-0: Ball
Wild Pitch!
Taylor McFarland to third
2-0: SINGLE (Groundball, 6MD)
Taylor McFarland scores
Batting: RHB Jorge Jiménez 0-0: Called Strike
0-1: SINGLE (Line Drive, 6D)
Víctor Serrano to second
Batting: RHB António Gonzáles 0-0: Ball
1-0: Ball
2-0: Ball
3-0: Base on Balls
Víctor Serrano to third
Jorge Jiménez to second
Batting: LHB Roberto García 0-0: Called Strike
0-1: Foul Ball, location: 2F
0-2: Fly out, F9 (Line Drive, 89D)
Runner from 3rd tags up, SCORES, no throw
Batting: LHB Roy Patrick 0-0: Called Strike
António Gonzáles steals 2nd base
Jorge Jiménez to third
0-1: Ball
1-1: Foul Ball, location: 2F
1-2: Foul Ball, location: 2F
1-2: Ball
2-2: Foul Ball, location: 2F
2-2: Foul Ball, location: 2F
2-2: Ground out U3 (Groundball, 3)
Top of the 2nd over - 3 run(s), 4 hit(s), 1 error(s), 2 left on base; Plymouth 3 - Orlando 0
BOTTOM OF THE 2ND
Orlando Calrissian batting - Pitching for Plymouth Rocks : RHP José López
Batting: RHB Frederico Hernández 0-0: Ball
1-0: Ball
2-0: Swinging Strike
2-1: Ball
3-1: Base on Balls
Batting: RHB Júlio Negrón 0-0: Called Strike
0-1: Ball
Wild Pitch!
Frederico Hernández to second
1-1: Ground out 6-3 (Groundball, 6)
Batting: LHB Juan Colón 0-0: Called Strike
0-1: Ball
1-1: Called Strike
1-2: Ball
2-2: Strikes out swinging
Batting: RHB Sidney Smith 0-0: Called Strike
0-1: Swinging Strike
0-2: Ball
1-2: Ball
2-2: Ball
3-2: Ground out 6-3 (Groundball, 6)
Bottom of the 2nd over - 0 run(s), 0 hit(s), 0 error(s), 1 left on base; Plymouth 3 - Orlando 0
TOP OF THE 3RD
Plymouth Rocks batting - Pitching for Orlando Calrissian : LHP Arturo Sánchez
Batting: RHB Andrés Lara 0-0: Called Strike
0-1: Ground out 5-3 (Groundball, 56S)
Batting: LHB Barrett Waters 0-0: Called Strike
0-1: SINGLE (Line Drive, 9LS)
Batting: LHB Roger Moore 0-0: Called Strike
Barrett Waters steals 2nd base
0-1: Ball
1-1: Ball
2-1: Fly out, F8 (Flyball, 8LM)
Batting: RHB Taylor McFarland 0-0: Ball
1-0: Ball
2-0: Foul Ball, location: 2F
2-1: Called Strike
2-2: Ball
3-2: SINGLE (Line Drive, 9S)
Barrett Waters to third
Barrett Waters scores
Batting: SHB Víctor Serrano 0-0: Ball
1-0: Called Strike
1-1: Fielders Choice at 2nd, 6-4 (Groundball, 6)
Top of the 3rd over - 1 run(s), 2 hit(s), 0 error(s), 0 left on base; Plymouth 4 - Orlando 0
BOTTOM OF THE 3RD
Orlando Calrissian batting - Pitching for Plymouth Rocks : RHP José López
Batting: RHB Gabriel Ángel 0-0: Called Strike
0-1: Swinging Strike
0-2: SINGLE (Groundball, 56D)
Batting: RHB José Pérez 0-0: Swinging Strike
0-1: Swinging Strike
0-2: Fly out, F9 (Line Drive, 9S)
Batting: LHB Santiago Márquez 0-0: Ball
1-0: Ball
2-0: Ball
3-0: Foul Ball, location: 2F
3-1: Base on Balls
Gabriel Ángel to second
Batting: RHB Rich Anderson 0-0: Ball
1-0: Foul Ball, location: 2F
1-1: Ball
2-1: Ball
3-1: Swinging Strike
3-2: Base on Balls
Gabriel Ángel to third
Santiago Márquez to second
Batting: SHB Tim Abbott 0-0: Swinging Strike
0-1: Ball
1-1: Ball
Wild Pitch!
Gabriel Ángel scores
Santiago Márquez to third
Rich Anderson to second
2-1: Called Strike
2-2: Ball
3-2: Foul Ball, location: 2F
3-2: 3-RUN HOME RUN (Line Drive, 9D), Distance : 376 ft
Batting: RHB Frederico Hernández 0-0: Fly out, F7 (Flyball, 78M)
Batting: RHB Júlio Negrón 0-0: Ball
1-0: Foul Ball, location: 2F
1-1: Called Strike
1-2: Foul Ball, location: 2F
1-2: Ball
2-2: Ball
3-2: Foul Ball, location: 2F
3-2: Foul Ball, location: 2F
3-2: Strikes out looking
Bottom of the 3rd over - 4 run(s), 2 hit(s), 0 error(s), 0 left on base; Plymouth 4 - Orlando 4
TOP OF THE 4TH
Plymouth Rocks batting - Pitching for Orlando Calrissian : LHP Arturo Sánchez
Batting: RHB Jorge Jiménez 0-0: Foul Ball, location: 2F
0-1: Ball
1-1: Fly out, F8 (Flyball, 8LS)
Batting: RHB António Gonzáles 0-0: Ball
1-0: Fly out, F7 (Line Drive, 7)
Batting: LHB Roberto García 0-0: Foul Ball, location: 2F
0-1: Ball
1-1: Ball
2-1: Foul Ball, location: 2F
2-2: Foul Ball, location: 2F
2-2: Foul Ball, location: 2F
2-2: Ball
3-2: Ground out 3-1 (Groundball, 34D)
Top of the 4th over - 0 run(s), 0 hit(s), 0 error(s), 0 left on base; Plymouth 4 - Orlando 4
BOTTOM OF THE 4TH
Orlando Calrissian batting - Pitching for Plymouth Rocks : RHP José López
Batting: LHB Juan Colón 0-0: Ball
1-0: Foul Ball, location: 2F
1-1: SINGLE (Groundball, 4MD)
Batting: RHB Sidney Smith 0-0: Ball
1-0: Swinging Strike
1-1: Grounds into double play, 6-4-3 (Groundball, 6)
Batting: RHB Gabriel Ángel 0-0: Called Strike
0-1: Swinging Strike
0-2: Ball
1-2: Strikes out swinging
Bottom of the 4th over - 0 run(s), 1 hit(s), 0 error(s), 0 left on base; Plymouth 4 - Orlando 4
TOP OF THE 5TH
Plymouth Rocks batting - Pitching for Orlando Calrissian : LHP Arturo Sánchez
Pitching: RHP Dave Heath
Batting: LHB Roy Patrick 0-0: Ball
1-0: Swinging Strike
1-1: Ball
2-1: Called Strike
2-2: Hit by Pitch
Batting: RHB Andrés Lara 0-0: Ball
1-0: Called Strike
1-1: Foul Ball, location: 2F
1-2: Strikes out looking
Batting: LHB Barrett Waters 0-0: Ball
1-0: Called Strike
1-1: Grounds into double play, 4-6-3 (Groundball, 4)
Top of the 5th over - 0 run(s), 0 hit(s), 0 error(s), 0 left on base; Plymouth 4 - Orlando 4
BOTTOM OF THE 5TH
Orlando Calrissian batting - Pitching for Plymouth Rocks : RHP José López
Pitching: RHP Soichiro Ikeda
Batting: RHB José Pérez 0-0: Foul Ball, location: 2F
0-1: Swinging Strike
0-2: Ball
1-2: Ball
2-2: Fly out, F7 (Flyball, 7S)
Batting: LHB Santiago Márquez 0-0: Foul Ball, location: 2F
0-1: Foul Ball, location: 2F
0-2: Ball
1-2: Strikes out swinging
Batting: RHB Rich Anderson 0-0: Foul Ball, location: 2F
0-1: Ball
1-1: Foul Ball, location: 2F
1-2: Foul Ball, location: 2F
1-2: Foul Ball, location: 2F
1-2: Ball
2-2: Ball
3-2: Ground out 5-3 (Groundball, 56)
Bottom of the 5th over - 0 run(s), 0 hit(s), 0 error(s), 0 left on base; Plymouth 4 - Orlando 4
TOP OF THE 6TH
Plymouth Rocks batting - Pitching for Orlando Calrissian : RHP Dave Heath
Batting: LHB Roger Moore 0-0: Ball
1-0: Ball
2-0: Called Strike
2-1: Ball
3-1: Base on Balls
Batting: RHB Taylor McFarland 0-0: Ball
1-0: SINGLE (Line Drive, 7S)
Roger Moore to second
Batting: SHB Víctor Serrano 0-0: Foul Ball, location: 2F
0-1: Fly out, F9 (Flyball, 9S)
Batting: RHB Jorge Jiménez 0-0: Ball
1-0: Fly out, F8 (Flyball, 8LM)
Batting: RHB António Gonzáles 0-0: Ground out 5-3 (Groundball, 56S)
Top of the 6th over - 0 run(s), 1 hit(s), 0 error(s), 2 left on base; Plymouth 4 - Orlando 4
BOTTOM OF THE 6TH
Orlando Calrissian batting - Pitching for Plymouth Rocks : RHP Soichiro Ikeda
Batting: SHB Tim Abbott 0-0: Foul Ball, location: 2F
0-1: Ball
1-1: Swinging Strike
1-2: Strikes out looking
Batting: RHB Frederico Hernández 0-0: Foul Ball, location: 2F
0-1: Foul Ball, location: 2F
0-2: Ground out 5-3 (Groundball, 56)
Batting: RHB Júlio Negrón 0-0: Called Strike
0-1: Foul Ball, location: 2F
0-2: Strikes out swinging
Bottom of the 6th over - 0 run(s), 0 hit(s), 0 error(s), 0 left on base; Plymouth 4 - Orlando 4
TOP OF THE 7TH
Plymouth Rocks batting - Pitching for Orlando Calrissian : RHP Dave Heath
Pitching: LHP Pepe Caro
Pinch Hitting: RHB Javier Rentería 0-0: Called Strike
0-1: Ground out 6-3 (Groundball, 6)
Pitching: RHP Lance Sanders
Batting: LHB Sean Nicks 0-0: Ball
1-0: Swinging Strike
1-1: Ball
2-1: Fly out, F9 (Flyball, 89M)
Pinch Hitting: LHB Luis Villa 0-0: Ball
1-0: Fly out, F6 (Popup, 4MD)
Top of the 7th over - 0 run(s), 0 hit(s), 0 error(s), 0 left on base; Plymouth 4 - Orlando 4
BOTTOM OF THE 7TH
Orlando Calrissian batting - Pitching for Plymouth Rocks : RHP Soichiro Ikeda
Now at 1B: Gilberto Silva
Now in RF: Javier Rentería
Batting: LHB Juan Colón 0-0: SINGLE (Line Drive, 78S)
Pinch Hitting: SHB Cristo Ontiveros 0-0: Called Strike
Juan Colón steals 2nd base
0-1: Ball
1-1: Intentional Walk
Pinch Hitting: RHB Raúl Canó 0-0: Ball
1-0: SINGLE (Groundball, 6D)
Juan Colón to third
Cristo Ontiveros to second
Runner from 3rd tries for Home, throw and OUT!
Cristo Ontiveros to third
Raúl Canó to second
Pinch Hitting: LHB Danny Allen 0-0: Called Strike
0-1: Ball
1-1: SINGLE (Groundball, 34D)
Cristo Ontiveros scores
Raúl Canó to third
Runner from 3rd tries for Home, SAFE, no throw
Pitching: RHP Scot MacIntosh
Batting: LHB Juan Jose Pineda 0-0: Called Strike
0-1: Called Strike
0-2: Strikes out swinging
Batting: RHB Rich Anderson 0-0: Ball
1-0: Called Strike
1-1: Ball
2-1: Foul Ball, location: 2F
2-2: DOUBLE (Line Drive, 8LD)
Danny Allen to third
Runner from 3rd tries for Home, SAFE, no throw
Pinch Hitting: LHB Craig Kenney 0-0: Ball
1-0: Swinging Strike
1-1: Called Strike
1-2: Ball
2-2: Foul Ball, location: 2F
2-2: Strikes out swinging
Bottom of the 7th over - 3 run(s), 4 hit(s), 0 error(s), 1 left on base; Plymouth 4 - Orlando 7
TOP OF THE 8TH
Plymouth Rocks batting - Pitching for Orlando Calrissian : RHP Lance Sanders
Now at 1B: Jaime Montés
Now at 3B: Brian Price
Now at SS: William Robinson
Now in CF: Craig Kenney
Pinch Hitting: RHB Wilbert Rodgers 0-0: Foul Ball, location: 2F
0-1: Ball
1-1: Ball
2-1: Swinging Strike
2-2: Ball
3-2: DOUBLE (Groundball, 5L)
Pinch Hitting: LHB Dave Gray 0-0: Fly out, F8 (Flyball, 8LM)
Batting: RHB Taylor McFarland 0-0: Ball
1-0: Ball
2-0: Ground out 6-3 (Groundball, 6)
Batting: SHB Víctor Serrano 0-0: Called Strike
0-1: Ball
1-1: Ball
2-1: Ball
3-1: Base on Balls
Pinch Hitting: RHB Gary Thomas 0-0: Called Strike
0-1: Foul Ball, location: 2F
0-2: Ground out 5-3 (Groundball, 5S)
Top of the 8th over - 0 run(s), 1 hit(s), 0 error(s), 2 left on base; Plymouth 4 - Orlando 7
BOTTOM OF THE 8TH
Orlando Calrissian batting - Pitching for Plymouth Rocks : RHP Scot MacIntosh
Now at 2B: Gary Thomas
Now in LF: Wilbert Rodgers
Now in CF: Jeff Bane
Pinch Hitting: RHB John Moore 0-0: Called Strike
0-1: Swinging Strike
0-2: Ball
1-2: Ball
2-2: Ball
3-2: Foul Ball, location: 2F
3-2: Strikes out swinging
Pinch Hitting: RHB Robby Lewis 0-0: Ball
1-0: Ball
2-0: Ball
3-0: Base on Balls
Pinch Hitting: RHB Jaime Contreras 0-0: Called Strike
0-1: Foul Ball, location: 2F
0-2: Strikes out swinging
Pitching: RHP Bartolo García
Batting: SHB Brian Price 0-0: Fly out, F9 (Line Drive, 9)
Bottom of the 8th over - 0 run(s), 0 hit(s), 0 error(s), 1 left on base; Plymouth 4 - Orlando 7
TOP OF THE 9TH
Plymouth Rocks batting - Pitching for Orlando Calrissian : RHP Lance Sanders
Pitching: LHP Mike Murray
Now at 2B: John Moore
Now in CF: Jaime Contreras
Now in RF: Robby Lewis
Batting: RHB António Gonzáles 0-0: Swinging Strike
0-1: Ball
1-1: Called Strike
1-2: Ball
2-2: Ball
3-2: SINGLE (Flyball, 9S)
Batting: RHB Javier Rentería 0-0: Called Strike
0-1: Hit by Pitch
António Gonzáles to second
Batting: LHB Sean Nicks 0-0: Ball
1-0: Ball
2-0: Ball
3-0: Called Strike
3-1: Fly out, F8 (Flyball, 8LM)
Pinch Hitting: RHB Tadakuni Sugiyama 0-0: SINGLE (Line Drive, 3)
António Gonzáles to third
Javier Rentería to second
Batting: RHB Wilbert Rodgers 0-0: Called Strike
0-1: Ball
1-1: Swinging Strike
1-2: Strikes out swinging
Batting: RHB Jeff Bane 0-0: Called Strike
0-1: Ball
Wild Pitch!
António Gonzáles scores
Javier Rentería to third
Tadakuni Sugiyama to second
1-1: Called Strike
1-2: Ball
2-2: Foul Ball, location: 2F
2-2: Ball
3-2: Foul Ball, location: 2F
3-2: SINGLE (Groundball, 56D)
Javier Rentería scores
Tadakuni Sugiyama to third
Tadakuni Sugiyama scores
Pitching: RHP Pete Booker
Batting: RHB Taylor McFarland 0-0: Ball
1-0: Fly out, F8 (Flyball, 8LM)
Top of the 9th over - 3 run(s), 3 hit(s), 0 error(s), 1 left on base; Plymouth 7 - Orlando 7
BOTTOM OF THE 9TH
Orlando Calrissian batting - Pitching for Plymouth Rocks : RHP Bartolo García
Now at 1B: Alejandro Ramos
Pinch Hitting: RHB Chet Decker 0-0: Ball
1-0: Swinging Strike
1-1: Ball
2-1: Foul Ball, location: 2F
2-2: Foul Ball, location: 2F
2-2: Ball
3-2: Fly out, F4 (Flyball, 34D)
Batting: SHB Jaime Montés 0-0: Ball
1-0: Ball
2-0: Called Strike
2-1: SINGLE (Groundball, 34D)
Pinch Runner at 1st Jason Mason:
Batting: LHB Juan Jose Pineda 0-0: Ball
1-0: Called Strike
1-1: Foul Ball, location: 2F
1-2: Foul Ball, location: 2F
1-2: Fly out, F8 (Flyball, 8LM)
Pinch Hitting: RHB Albert Chávez 0-0: Called Strike
Jason Mason is caught stealing 2nd base
Bottom of the 9th over - 0 run(s), 1 hit(s), 0 error(s), 0 left on base; Plymouth 7 - Orlando 7
TOP OF THE 10TH
Plymouth Rocks batting - Pitching for Orlando Calrissian : RHP Pete Booker
Now at C: Chet Decker
Now at 1B: Albert Chávez
Now at SS: Jason Mason
Pinch Hitting: RHB Hollis Wood 0-0: Ball
1-0: Swinging Strike
1-1: SINGLE (Line Drive, 9LM)
Batting: RHB Gary Thomas 0-0: Ball
1-0: Ball
2-0: Ball
3-0: Base on Balls
Hollis Wood to second
Batting: RHB António Gonzáles 0-0: Ball
1-0: SINGLE (Line Drive, 4MD)
Hollis Wood to third
Gary Thomas to second
Batting: RHB Javier Rentería 0-0: Grounds into fielders choice 5-2 (Groundball, 5)
Gary Thomas to third
António Gonzáles to second
Batting: LHB Sean Nicks 0-0: Ball
1-0: Ball
2-0: Called Strike
2-1: Grounds into fielders choice 4-2 (Groundball, 4)
António Gonzáles to third
Javier Rentería to second
Pinch Hitting: SHB Carlos Reyes 0-0: Called Strike
0-1: DOUBLE (Line Drive, 89M)
António Gonzáles scores
Javier Rentería scores
Sean Nicks to third
Runner from 3rd tries for Home, throw and OUT!
Top of the 10th over - 2 run(s), 3 hit(s), 0 error(s), 1 left on base; Plymouth 9 - Orlando 7
BOTTOM OF THE 10TH
Orlando Calrissian batting - Pitching for Plymouth Rocks : RHP Bartolo García
Pitching: RHP Frank Martin
Now at C: Hollis Wood
Now in LF: Rafael Carreón
Batting: RHB Albert Chávez 0-0: Ball
1-0: Called Strike
1-1: Swinging Strike
1-2: Strikes out swinging
Batting: LHB Craig Kenney 0-0: Ball
1-0: Called Strike
1-1: Foul Ball, location: 2F
1-2: Foul Ball, location: 2F
1-2: Foul Ball, location: 2F
1-2: Ball
2-2: Ball
3-2: Fly out, F7 (Flyball, 7LSF)
Batting: RHB John Moore 0-0: Called Strike
0-1: Called Strike
0-2: Ball
1-2: Ball
2-2: Foul Ball, location: 2F
2-2: Ground out 4-3 (Groundball, 4)
Bottom of the 10th over - 0 run(s), 0 hit(s), 0 error(s), 0 left on base; Plymouth 9 - Orlando 7
Tuesday, August 8th, 2017 - OOTP Baseball 17.12 Build 75